AoeStats
← [KMNB] Dedão

African Clearing

510726003Analyzed
2v2 RM · 2d ago on Oct 2, 2026· 28m 1s· 4 players
Game mode
Random Map
Map size
Medium (4 player)
Population
200
Speed
Normal
Resources
Standard
Victory
Conquest
Starting age
Dark Age
Ending age
Imperial Age
RankedLock teamsTeams togetherTeam positionsShared explorationLock speedFull tech treeHidden civsTurbo modeCheats
Victory
Defeat
🇫🇷 Maya · France
1535
+15
🇫🇷 Persians · France
1439
+19
🇧🇷 Varangians · Brazil
1527
-18
🇧🇷 Italians · Brazil
1490
-16
ccereal
8:50 Loom
11:33 Feudal Age
12:02 Double-Bit Axe
13:12 Fletching
22:29 Castle Age
23:50 Bodkin Arrow
25:53 Padded Archer Armor
26:51 Padded Archer Armor
Flybidi
11:51 Loom
13:37 Feudal Age
14:32 Double-Bit Axe
17:32 Castle Age
16:32 Forging
21:01 Scale Barding Armor
26:36 Town Watch
[KMNB] Bandeira
4:35 Loom
13:04 Feudal Age
14:00 Double-Bit Axe
23:33 Castle Age
21:50 Gold Mining
21:55 Horse Collar
23:46 Forging
23:42 Scale Barding Armor
24:30 Bloodlines
24:37 Pikeman
27:19 Chain Barding Armor
[KMNB] Dedão
6:09 Loom
12:31 Feudal Age
13:46 Double-Bit Axe
18:56 Fletching
21:32 Wheelbarrow
25:15 Castle Age
Connection lost

Rejoining the realm…

Still unreachable

The connection could not be restored.

Session expired

The server has moved on; the page needs a fresh start.